 Dungeon Crawl Stone Soup version 0.27-a0-1065-ge809cff456 (webtiles) character file.

Game seed: 15779204056022414795

85 vhaine the Chiller (level 4, 0/30 HPs)
             Began as a Merfolk Ice Elementalist on Apr 22, 2021.
             Slain by Natasha (8 damage)
             ... on level 2 of the Dungeon.
             The game lasted 00:04:49 (2639 turns).

vhaine the Chiller (Merfolk Ice Elementalist)       Turns: 2639, Time: 00:04:51

Health: 0/30       AC:  2    Str:  8    XL:     4   Next: 48%
Magic:  5/7        EV: 12    Int: 15    God:
Gold:   129        SH:  0    Dex: 14    Spells: 6/7 levels left

rFire    . . .     SeeInvis .   e - +0 trident
rCold    . . .     Faith    .   (no shield)
rNeg     . . .     Spirit   .   a - +0 robe
rPois    .         Reflect  .   (no helmet)
rElec    .         Harm     .   (no cloak)
rCorr    .         Rampage  .   (no gloves)
Will     .....                  (no boots)
Stlth    ++........             (no amulet)
HPRegen  0.10/turn              (no ring)
MPRegen  0.10/turn              (no ring)

@: no status effects
A: (nimble swimmer 2), mertail
a: no special abilities


You were on level 2 of the Dungeon.
You visited 1 branch of the dungeon, and saw 2 of its levels.

You collected 129 gold pieces.

Inventory:

Hand Weapons
 d - a +0 dagger
 e - a +0 trident (weapon)
Armour
 a - a +0 robe (worn)
Wands
 k - a wand of flame (13)
Scrolls
 c - 2 scrolls of identify {unknown}
 g - a scroll of blinking {unknown}
 h - a scroll of amnesia {unknown}
 j - a scroll of holy word {unknown}
Potions
 f - a potion of resistance {unknown}
 i - a potion of heal wounds {unknown}


   Skills:
 - Level 2.6 Dodging
 - Level 2.1 Stealth
 - Level 2.0 Spellcasting
 + Level 6.4 Ice Magic


You had 6 spell levels left.
You knew the following spells:

 Your Spells              Type           Power      Damage    Failure   Level
a - Freeze                Ice            80%        1d9       1%          1

Your spell library contained the following spells:

 Spells                   Type           Power      Damage    Failure   Level
 Frozen Ramparts          Ice            40%        1d6       4%          3
 Ozocubu's Armour         Ice            20%        N/A       4%          3
 Hailstorm                Conj/Ice       11%        3d5       52%         4
 Metabolic Englaciation   Hex/Ice        5%         N/A       86%         5


Dungeon Overview and Level Annotations

Branches:
Dungeon (2/15)

Altars:

Annotations:
D:2 1 runed translucent door, Crazy Yiuf, Natasha, Sigmund


Innate Abilities, Weirdness & Mutations

((You are quick and stealthy near water. (Stealth+, EV+, Speed+++)))
Your lower body shifts to a powerful aquatic tail in water.


Message History

There is an open door here.
Natasha, Servant of Life and Death comes into view.
She is carrying a wand of flame (22).
Natasha zaps a wand.
The puff of flame hits you!
You start resting.
HP restored.
You start waiting.
Done waiting.
You see here a +0 short sword.
You see here a +0 short sword.
There is an open door here.
Natasha is nearby!
Natasha hisses angrily.
Natasha stares at you and mumbles some strange words.
The magic dart hits you!
Natasha zaps a wand.
The puff of flame hits you! Natasha claws you.
* * * LOW HITPOINT WARNING * * *
Casting: Freeze (safe; 1% risk of failure)
Confirm with . or Enter, or press ? or * to list all spells.
Aiming: Freeze (safe; 1% risk of failure)
Press: ? - help, Shift-Dir - straight line, f - Natasha
Aim: Natasha, carrying a wand of flame (20)
You freeze Natasha.
Natasha is moderately wounded.
Natasha wildly gestures.
Natasha glows brightly for a moment.
Natasha claws you.
* * * LOW HITPOINT WARNING * * *
It was a potion of cancellation.
You feel magically purged. Natasha casts a spell at you.
You resist with some effort.
Casting: Freeze (safe; 1% risk of failure)
Confirm with . or Enter, or press ? or * to list all spells.
Aiming: Freeze (safe; 1% risk of failure)
Press: ? - help, Shift-Dir - straight line, f/p - Natasha
Aim: Natasha, carrying a wand of flame (20) (moderately wounded)
You freeze Natasha.
Natasha is severely wounded.
Natasha claws you!
You die...

######.# #<# #.##...##.#.# # #.#
#.#####.##.###.##.. # #.#
#.....^.##.# ##.### ### #.####
##......##.# ##.#. ..# #....#
#########.# ##.# #.# ######
###....###.# ### #.#########
##......'.#.# ..........#
##.......#...########
#..#.########...@.######.........
#..#.# #...h### ##.######.
#..#.#######...### ##.#.## #.
#.........#....##g. ##.###.## #.
..........#...## gZ.##)## ##.####
.#)#....###...# .$#.## ##....
..........#...# ####.## ##.####
##.####.####)## ##.###.## #.# #.#
#..# ##.#.##


You could see Natasha.

Vanquished Creatures
  Natasha (D:2)
  An adder (D:2)
  A worm (D:2)
  A dart slug (D:1)
  4 ball pythons
  8 endoplasms
  A giant cockroach (D:2)
  6 hobgoblins
  8 kobolds
  2 quokkas (D:1)
  3 bats
  A frilled lizard (D:2)
  3 goblins
  6 rats (D:1)
46 creatures vanquished.

Notes
Turn   | Place    | Note
-------+----------+-------------------------------------------
     0 | D:1      | vhaine the Merfolk Ice Elementalist began the quest for the
                  | Orb.
     0 | D:1      | Reached XP level 1. HP: 13/13 MP: 3/3
   283 | D:1      | Found a faded altar of an unknown god.
   311 | D:1      | Reached XP level 2. HP: 19/19 MP: 1/5
   370 | D:1      | Reached skill level 5 in Ice Magic
  1040 | D:1      | Reached XP level 3. HP: 19/24 MP: 6/6
  1406 | D:2      | Noticed Sigmund
  1770 | D:2      | Noticed Natasha
  1776 | D:2      | Killed Natasha
  1777 | D:2      | Reached skill level 6 in Ice Magic
  1777 | D:2      | Reached XP level 4. HP: 16/30 MP: 4/7
  1933 | D:2      | Found a runed translucent door.
  1934 | D:2      | Noticed Crazy Yiuf
  2253 | D:2      | Noticed a scorpion
  2286 | D:2      | Noticed Natasha
  2639 | D:2      | Slain by Natasha

Illustrated notes

Levels and vault maps discovered:
D:1:      elethiomel_arrival_diamonds, layout_loops_ring,
          shapermc_ecumenical_altar_notcrosses
D:2:      layout_loops_ring, lightli_corner_chamber, uniq_crazy_yiuf_cottage,
          uniq_sigmund, uniq_natasha

Skill      XL: |  1  2  3 |
---------------+----------+-----
Ice Magic      | 5 6 |  6.4
Dodging        | |  2.6
Stealth        | |  2.1
Spellcasting   | |  2.0

Action                   |  1- 3 |  4- 6 || total
-------------------------+-------+-------++-------
Melee: Dagger            |     5 |       ||     5
       Trident           |    53 |     9 ||    62
 Cast: Freeze            |    37 |     8 ||    45
  Use: Potion            |       |     1 ||     1
 Stab: Sleeping          |     9 |     3 ||    12
Armor: Robe              |    13 |     2 ||    15
Dodge: Dodged            |    35 |     3 ||    38

Table legend: (Time is in decaauts)
 A = Elapsed time spent in this place.
 B = Non-inter-level travel time spent in this place.
 C = Inter-level travel time spent in this place.
 D = Time resting spent in this place.
 E = Time spent auto-exploring this place.
 F = Levels seen in this place.
 G = Mean time per level.
                   A        B        C        D        E       F      G
               +--------+--------+--------+--------+--------+-----+--------+
         Total |   2656 |   2643 |     13 |   1001 |   1306 |   2 | 1328.0 |
       Dungeon |   2656 |   2643 |     13 |   1001 |   1306 |   2 | 1328.0 |
               +--------+--------+--------+--------+--------+-----+--------+

Top non-repeatable levels by time:
     D:2: 1481 daAuts
     D:1: 1175 daAuts
